 Dungeon Crawl Stone Soup version 0.25-a0-730-g633e9c3c14 (webtiles) character file.

Game seed: 5068424727100359545, levelgen mode: deterministic

109636 Ankalagon the Tainter (level 16, -1/141 HPs)
             Began as a Naga Venom Mage on Apr 7, 2020.
             Was the Champion of Vehumet.
             Engulfed by a cloud of freezing vapour (20 damage)
             ... on level 1 of the Elven Halls.
             The game lasted 01:54:13 (29333 turns).

Ankalagon the Tainter (Naga Venom Mage)            Turns: 29333, Time: 01:54:13

Health: -1/141     AC: 19    Str: 10    XL:     16   Next: 52%
Magic:  25/41      EV: 10    Int: 29    God:    Vehumet [******]
Gold:   960        SH: 10    Dex:  7    Spells: 9/39 levels left

rFire    . . .     SeeInvis +   a - +3 trident (drain)
rCold    . . .     Gourm    .   H - +0 kite shield
rNeg     . . .     Faith    .   I - +1 robe "Idigaom" {Int+6 Dex-5 Stlth+}
rPois    +         Spirit   .   h - +1 hat
rElec    .         Reflect  .   E - scarf {repulsion}
rCorr    .         Harm     .   (no gloves)
MR       ++...                  Y - +4 naga barding {Stlth+}
Stlth    +++++.....             V - amulet of the acrobat
HPRegen  0.33/turn              S - +3 ring of protection
MPRegen  0.27/turn              C - ring of magical power

@: very slightly contaminated, studying Polearms, repel missiles, very slow
A: large, see invisible, deformed body, poison resistance, slowness 2, slow
metabolism 1, spit poison 1, constrict 1, AC +5
a: Spit Poison, Renounce Religion


You were on level 1 of the Elven Halls.
You worshipped Vehumet.
Vehumet was exalted by your worship.
You were hungry.

You visited 5 branches of the dungeon, and saw 25 of its levels.
You also visited: Volcano.

You collected 2849 gold pieces.
You spent 1889 gold pieces at shops.

Inventory:

Hand Weapons
 a - a +3 trident of draining (weapon)
 f - the +7 short sword of the Mosquito {freeze, rElec}
   (You found it on level 9 of the Dungeon)

   It has been specially enchanted to freeze those struck by it, causing extra
   injury to most foes and up to half again as much damage against particularly
   susceptible opponents.
   It can also slow down cold-blooded creatures.
   It insulates you from electricity.
 z - a +1 arbalest of flaming
Missiles
 n - 3 javelins (quivered)
 t - 103 poisoned darts
 P - 101 bolts
Armour
 g - a +2 robe of magic resistance
 h - a +1 hat (worn)
 E - a scarf of repulsion (worn)
 H - a +0 kite shield (worn)
 I - the +1 robe "Idigaom" (worn) {Int+6 Dex-5 Stlth+}
   (You found it on level 5 of the Lair of Beasts)

   It affects your intelligence (+6).
   It affects your dexterity (-5).
   It makes you more stealthy.
 M - a +2 robe of resistance
 X - a +0 troll leather armour
 Y - a +4 naga barding of stealth (worn)
Jewellery
 k - an uncursed amulet of rage
 p - an uncursed ring of protection from cold
 C - a ring of magical power (right hand)
 O - an uncursed ring of flight
 S - a +3 ring of protection (left hand)
 V - an amulet of the acrobat (around neck)
 Z - an uncursed ring of resist corrosion
Wands
 b - a wand of paralysis (11)
 v - a wand of acid (3)
 N - a wand of digging (2)
 R - a wand of polymorph (18)
 U - a wand of iceblast (9)
Scrolls
 d - 10 scrolls of remove curse
 i - 2 scrolls of magic mapping
 j - a scroll of amnesia
 m - 4 scrolls of enchant armour
 y - a scroll of fog
 B - 3 scrolls of teleportation
 D - 5 scrolls of enchant weapon
 F - 2 scrolls of immolation
 L - a scroll of fear
Potions
 e - 3 potions of heal wounds
 l - 6 potions of curing
 o - 5 potions of might
 q - 4 potions of lignification
 s - 6 potions of stabbing
 u - 5 potions of haste {!q}
 w - a potion of ambrosia
 x - 5 potions of mutation
 A - a potion of magic
 G - 2 potions of resistance
 J - a potion of cancellation
 Q - 2 potions of flight
 T - 2 potions of brilliance
 W - a potion of berserk rage
Books
 r - a manual of Polearms
Comestibles
 c - 26 rations


   Skills:
 + Level 8.6 Fighting
 - Level 6.0 Polearms
 + Level 7.6 Dodging
 - Level 6.1 Stealth
 - Level 9.0 Shields
 - Level 12.0 Spellcasting
 - Level 12.0 Conjurations
 - Level 4.0 Transmutations
 - Level 4.0 Fire Magic
 - Level 6.1 Ice Magic
 - Level 8.0 Air Magic
 - Level 12.0 Poison Magic
 - Level 7.0 Evocations


You had 9 spell levels left.
You knew the following spells:

 Your Spells              Type           Power        Failure   Level  Hunger
d - Static Discharge      Conj/Air       ######..     1%          3    None
f - Orb of Destruction    Conj           ######....   5%          7    ######.
g - Ignite Poison         Fire/Tmut/Pois ######..     1%          3    None
q - Blink                 Tloc           N/A          4%          2    None
r - Poisonous Vapours     Pois/Air       ######       1%          2    None
t - Olgreb's Toxic Radia  Pois           ######..     1%          4    None
w - Mephitic Cloud        Conj/Pois/Air  ######..     1%          3    None
y - Freezing Cloud        Conj/Ice/Air   ######....   3%          6    #####..

Your spell library contained the following spells:

 Spells                   Type           Power        Failure   Level  Hunger
 Ozocubu's Refrigeration  Ice            ######....   11%         6    #####..
 Magic Dart               Conj           ####         0%          1    None
 Sting                    Tmut/Pois      ####         1%          1    None
 Conjure Flame            Conj/Fire      ######..     1%          3    None
 Call Imp                 Summ           ###.....     4%          2    None
 Shroud of Golubria       Chrm/Tloc      ###...       4%          2    None
 Slow                     Hex            ###.....     4%          2    None
 Gell's Gravitas          Tloc           ###.......   9%          3    None
 Lesser Beckoning         Tloc           ###.......   9%          3    None
 Teleport Other           Tloc           ###.....     9%          3    None
 Passage of Golubria      Tloc           N/A          30%         4    None


Dungeon Overview and Level Annotations

Branches:
Dungeon (15/15)            Temple (1/1) D:7            Lair (6/6) D:10
  Swamp (0/4) Lair:2        Snake (0/4) Lair:3        Slime (0/5) Lair:6
    Orc (2/2) D:12            Elf (1/3) Orc:2        Vaults (0/5) D:13
 Depths (0/5) D:15        Volcano (visited)

Altars:
Dithmenos
Fedhas
Gozag
Hepliaklqana
Kikubaaqudgha
Nemelex Xobeh
Qazlal
Trog
Uskayaw
Vehumet
Wu Jian
Yredelemnul
The Shining One
Beogh
Jiyva

Shops:
D:5 (   D:14 %   Orc:1 !   Orc:2 :*[(

Annotations:
D:9 2 transporters
D:10 Urug
D:13 1 runed translucent door, Xaez's ghost, journeyman HOFi
Lair:1 exclusion: oklob plant
Lair:3 3 runed translucent doors, Osyocro's ghost, journeyman MiBe
Lair:6 3 exclusions
Orc:2 3 runed translucent doors, magipi's ghost, journeyman DDGl


Innate Abilities, Weirdness & Mutations

You cannot wear boots.
Your serpentine skin is tough. (AC +5)
You have supernaturally acute eyesight. (SInv)
Armour fits poorly on your strangely shaped body.
Your system is resistant to poisons. (rPois)
You cover ground very slowly.
You have a slow metabolism.
You can spit poison.
You can use your snake-like lower body to constrict enemies.


Message History

Casting: Ignite Poison (safe; 1% risk of failure)
Confirm with . or Enter, or press ? or * to list all spells.
You blink.
You are engulfed in freezing vapours.
* * * LOW HITPOINT WARNING * * *
You float gracefully downwards.
Your toxic aura wanes.
Casting: Blink (safe; 4% risk of failure)
Confirm with . or Enter, or press ? or * to list all spells.
Aiming: Orb of Destruction (slightly dangerous; 5% risk of failure)
Press: ? - help, Shift-Dir - straight line, f - +3 halberd of venom
Aim: a +3 halberd of venom (freezing vapour)
Your orb of destruction hits a crystal wall.
You are engulfed in freezing vapours.
* * * LOW HITPOINT WARNING * * *
Casting: Orb of Destruction (slightly dangerous; 5% risk of failure)
Confirm with . or Enter, or press ? or * to list all spells.
You miscast Blink.
You are very lightly contaminated with residual magic.
You spin around.
You are engulfed in freezing vapours.
You die...

#+## ####...####
##.........#
##........... #
#.......☼.....##
. #@..).# ...#
... ##§..###...#
....#.....#§...##
......%(§...§...#
.......<§§..§.).+
..)...§§...§☼...#
....#§....#§...##
... ##..(###.?.#
. #...). ...#


You could see a +3 halberd of venom.

Vanquished Creatures
  Jorgrun (D:13)
  2 orc warlords (Orc:2)
  A frost giant (D:15)
  Josephine (D:10)
  A deep elf high priest (Elf:1)
  Fannar (Lair:3)
  Erolcha (Orc:1)
  5 vault guards (D:13)
  8 hydras
  A death knight (D:12)
  2 anacondas (Lair:6)
  Erica (D:10)
  3 catoblepae
  4 centaur warriors
  7 two-headed ogres
  2 tengu warriors
  6 death yaks (Lair:6)
  An ogre mage (D:15)
  3 orc high priests (Orc:2)
  5 orc knights
  A wizard (D:15)
  A lindwurm (Lair:2)
  21 ugly things
  6 deep elf magi
  4 orc sorcerers (Orc:2)
  2 manticores
  5 cyclopes
  A salamander (Volcano)
  A black mamba (Lair:1)
  10 spiny frogs
  A gargoyle (D:12)
  5 kobold demonologists
  2 yaktaurs (D:15)
  2 torpor snails (Lair:6)
  8 komodo dragons
  4 orange demons (D:13)
  A centaur skeleton (D:11)
  Maggie (D:8)
  A rime drake (Lair:3)
  3 red devils (D:13)
  3 tengu conjurers
  9 trolls
  3 polar bears (Lair:6)
  2 tyrant leeches (Lair:2)
  4 hornets (Lair:6)
  18 blink frogs
  13 slime creatures
  13 hippogriffs
  2 dream sheep (Lair:6)
  A meliai zombie (D:14)
  An air elemental (Elf:1)
  7 wraiths
  11 spriggans (Lair:6)
  2 wyverns
  2 shadows
  27 yaks
  2 basilisks (Lair:2)
  6 humans (D:13)
  Grum (D:8)
  2 hungry ghosts
  4 vampire mosquitoes (D:12)
  2 swamp worms (Lair:2)
  A warg (Orc:2)
  2 nagas (Lair:3)
  A soldier ant (shapeshifter) (D:15)
  An acid dragon (D:15)
  12 water moccasins
  3 porcupines
  3 hell hounds (Volcano)
  7 ice beasts
  A hornet zombie (D:7)
  37 orc warriors
  5 phantoms
  4 black bears
  7 sky beasts
  4 boggarts (Lair:6)
  31 wolves
  14 ogres
  3 necrophages
  10 centaurs
  10 crocodiles
  4 big kobolds
  A gnoll sergeant (D:5)
  27 bullfrogs
  A water moccasin skeleton (D:7)
  4 scorpions
  A wyvern skeleton (D:14)
  14 killer bees
  3 wights (D:14)
  An electric eel (Lair:5)
  5 howler monkeys
  9 crimson imps
  4 bullfrog zombies
  7 hounds
  5 gnoll shamans (D:5)
  29 orc priests
  4 centaur zombies
  6 jellies
  Jessica (D:2)
  4 iguanas
  Ijyb (D:3)
  Terence (D:2)
  25 orc wizards
  7 worker ants
  2 hound zombies
  2 hound skeletons (D:7)
  39 gnolls
  17 adders
  2 shadow imps
  A white imp (D:9)
  5 oozes (D:8)
  An adder skeleton (D:5)
  An adder zombie (D:5)
  5 worms
  3 dart slugs
  11 leopard geckos
  77 orcs
  3 giant cockroaches
  3 goblins
  8 hobgoblins
  21 jackals
  3 quokkas
  A ball python (D:1)
  9 bats
  9 frilled lizards
  22 kobolds
  A leopard gecko zombie (D:7)
  2 quokka skeletons
  8 rats
  A fungus (Lair:4)
  4 plants
852 creatures vanquished.

Vanquished Creatures (others)
  A deep elf knight (Elf:1)
  A human (D:13)
  10 fungi
  14 plants
26 creatures vanquished.

Grand Total: 878 creatures vanquished

Notes
Turn   | Place    | Note
-------+----------+-------------------------------------------
     0 | D:1      | Ankalagon the Naga Venom Mage began the quest for the Orb.
     0 | D:1      | Reached XP level 1. HP: 15/15 MP: 3/3
   249 | D:1      | Reached XP level 2. HP: 19/22 MP: 3/5
   260 | D:1      | Learned a level 2 spell: Poisonous Vapours
   444 | D:1      | Reached XP level 3. HP: 12/28 MP: 1/6
   521 | D:1      | Learned a level 3 spell: Ignite Poison
   887 | D:2      | Found a blossoming altar of Fedhas.
  1094 | D:2      | Noticed Jessica
  1097 | D:2      | Killed Jessica
  1097 | D:2      | Reached skill level 1 in Fire Magic
  1097 | D:2      | Reached skill level 1 in Air Magic
  1097 | D:2      | Reached XP level 4. HP: 31/36 MP: 2/8
  1372 | D:2      | Noticed Terence
  1376 | D:2      | Killed Terence
  1376 | D:2      | Reached XP level 5. HP: 39/42 MP: 2/9
  1502 | D:2      | Found a stormy altar of Qazlal.
  1502 | D:2      | Found a blossoming altar of Fedhas.
  1989 | D:3      | Found a shadowy altar of Dithmenos.
  2099 | D:3      | Noticed Ijyb
  2105 | D:3      | Killed Ijyb
  2128 | D:3      | Learned a level 3 spell: Mephitic Cloud
  2282 | D:3      | Found an opulent altar of Gozag.
  2283 | D:3      | Found an ancient bone altar of Kikubaaqudgha.
  2284 | D:3      | Found a glowing golden altar of the Shining One.
  2477 | D:3      | Found a radiant altar of Vehumet.
  2477 | D:3      | Found an ornate altar of the Wu Jian Council.
  2493 | D:3      | Became a worshipper of Vehumet
  2978 | D:3      | Reached skill level 5 in Poison Magic
  2981 | D:3      | Reached XP level 6. HP: 49/49 MP: 11/11
  3736 | D:5      | Entered Level 5 of the Dungeon
  3814 | D:5      | Noticed a phantom
  4246 | D:5      | Noticed an ice beast
  4258 | D:5      | Killed an ice beast
  4258 | D:5      | Reached XP level 7. HP: 42/55 MP: 5/13
  4264 | D:5      | Learned a level 4 spell: Olgreb's Toxic Radiance
  4367 | D:5      | Found Eloykhim's Antique Weapon Shop.
  4375 | D:5      | Bought a runed trident for 195 gold pieces
  4553 | D:5      | Found a basalt altar of Yredelemnul.
  4690 | D:5      | Reached * piety under Vehumet
  4690 | D:5      | Offered knowledge of Magic Dart by Vehumet.
  4891 | D:5      | Reached XP level 8. HP: 62/62 MP: 10/14
  5054 | D:5      | Reached skill level 1 in Polearms
  5259 | D:5      | Offered knowledge of Shock by Vehumet.
  5262 | D:5      | Learned a level 1 spell: Shock
  5268 | D:5      | Reached ** piety under Vehumet
  5873 | D:6      | Reached skill level 1 in Shields
  6020 | D:6      | Got a brightly glowing hunting sling
  6283 | D:6      | Reached XP level 9. HP: 68/68 MP: 12/15
  6324 | D:6      | Offered knowledge of Static Discharge by Vehumet.
  6324 | D:6      | Reached skill level 5 in Polearms
  6714 | D:6      | Found a hazy altar of Hepliaklqana.
  6866 | D:7      | Identified the cursed +0 hunting sling "Voumames" {flame,
                  | rF+ Int+3} (You found it on level 6 of the Dungeon)
  6907 | D:7      | Found a staircase to the Ecumenical Temple.
  6929 | D:7      | Reached skill level 5 in Spellcasting
  6937 | D:7      | Reached *** piety under Vehumet
  6959 | Temple   | Entered the Ecumenical Temple
  6983 | Temple   | Learned a level 3 spell: Static Discharge
  7266 | D:7      | Reached skill level 1 in Conjurations
  7782 | D:8      | Reached XP level 10. HP: 74/75 MP: 19/19
  7811 | D:8      | Found a bloodstained altar of Trog.
  7850 | D:8      | Noticed Grum
  7858 | D:8      | Offered knowledge of Conjure Flame by Vehumet.
  7858 | D:8      | Reached skill level 1 in Fighting
  7866 | D:8      | Killed Grum
  8028 | D:8      | Noticed a two-headed ogre
  8034 | D:8      | Killed a two-headed ogre
  8193 | D:8      | Found a sparkling altar of Nemelex Xobeh.
  8219 | D:8      | Noticed Maggie
  8223 | D:8      | Killed Maggie
  8676 | D:9      | Got a faintly glowing short sword
  8679 | D:9      | Found a transporter.
  8690 | D:9      | Found a transporter.
  8745 | D:9      | Reached **** piety under Vehumet
  8970 | D:9      | Found an ornate altar of the Wu Jian Council.
  9065 | D:9      | Reached skill level 5 in Fighting
  9067 | D:9      | Offered knowledge of Inner Flame by Vehumet.
  9219 | D:9      | Reached skill level 5 in Dodging
  9284 | D:9      | Found a hide-covered altar of Uskayaw.
  9903 | D:10     | Entered Level 10 of the Dungeon
  9918 | D:10     | Reached XP level 11. HP: 85/97 MP: 20/20
 10044 | D:10     | Found a staircase to the Lair.
 10532 | D:10     | Noticed Erica
 10545 | D:10     | Killed Erica
 10668 | D:10     | Reached ***** piety under Vehumet
 10691 | D:10     | Noticed Urug
 10743 | D:10     | Noticed Josephine
 10967 | D:10     | Killed Josephine
 10967 | D:10     | Reached skill level 10 in Poison Magic
 10971 | D:10     | Offered knowledge of Yara's Violent Unravelling by Vehumet.
 11321 | Lair:1   | Entered Level 1 of the Lair of Beasts
 11387 | Lair:1   | Noticed an oklob plant
 11597 | Lair:1   | Noticed a five-headed hydra
 11606 | Lair:1   | Killed a five-headed hydra
 11744 | Lair:1   | Reached XP level 12. HP: 49/105 MP: 23/23
 12250 | Lair:2   | Noticed a five-headed hydra
 12257 | Lair:2   | Killed a five-headed hydra
 12257 | Lair:2   | Reached skill level 5 in Air Magic
 12418 | Lair:2   | Reached skill level 5 in Conjurations
 12460 | Lair:2   | Found a dark tunnel.
 12474 | Volcano  | Entered a volcano
 12854 | Volcano  | Noticed a two-headed ogre
 12854 | Volcano  | Noticed a two-headed ogre
 12859 | Volcano  | Killed a two-headed ogre
 12861 | Volcano  | Killed a two-headed ogre
 13619 | Lair:2   | Noticed an eight-headed hydra
 13627 | Lair:2   | Killed an eight-headed hydra
 13630 | Lair:2   | Noticed a five-headed hydra
 13961 | Lair:2   | Killed a five-headed hydra
 13982 | Lair:2   | Found a staircase to the Swamp.
 14067 | Lair:2   | Noticed a catoblepas
 14079 | Lair:2   | Killed a catoblepas
 14223 | Lair:2   | Gained mutation: You can use your snake-like lower body to
                  | constrict enemies. [Naga growth]
 14223 | Lair:2   | Reached XP level 13. HP: 103/115 MP: 25/25
 14509 | Lair:3   | Noticed Fannar
 14510 | Lair:3   | Upgraded the game from 0.25-a0-719-gde951dce62 to
                  | 0.25-a0-730-g633e9c3c14
 14516 | Lair:3   | Killed Fannar
 14735 | Lair:3   | Noticed a minotaur
 15210 | Lair:3   | Noticed Osyocro's ghost (journeyman MiBe)
 15219 | Lair:3   | Found a staircase to the Snake Pit.
 15294 | Lair:3   | Found a runed translucent gate.
 15294 | Lair:3   | Found a runed translucent gate.
 15294 | Lair:3   | Found a runed translucent gate.
 15624 | Lair:4   | Reached skill level 1 in Evocations
 16618 | D:11     | Offered knowledge of Orb of Destruction by Vehumet.
 17165 | D:12     | Reached skill level 5 in Evocations
 18039 | D:12     | Found a staircase to the Orcish Mines.
 19144 | Orc:1    | Entered Level 1 of the Orcish Mines
 19145 | Orc:1    | Found Cizux's Distillery.
 19297 | Orc:1    | Noticed Erolcha
 19305 | Orc:1    | Killed Erolcha
 19349 | Orc:1    | Found a roughly hewn altar of Beogh.
 19350 | Orc:1    | Bought a potion of brilliance for 60 gold pieces
 19371 | Orc:1    | Reached XP level 14. HP: 106/123 MP: 26/26
 19389 | Orc:1    | Learned a level 7 spell: Orb of Destruction
 19648 | Orc:2    | Entered Level 2 of the Orcish Mines
 19864 | Orc:2    | Found a staircase to the Elven Halls.
 19898 | Orc:2    | Found a runed translucent gate.
 19898 | Orc:2    | Found a runed translucent gate.
 19899 | Orc:2    | Found a runed translucent gate.
 19915 | Orc:2    | Found a radiant altar of Vehumet.
 20067 | Orc:2    | Noticed an orc warlord
 20080 | Orc:2    | Killed an orc warlord
 20092 | Orc:2    | Reached skill level 10 in Conjurations
 20116 | Orc:2    | Noticed magipi's ghost (journeyman DDGl)
 20347 | Orc:2    | Noticed an orc warlord
 20682 | Orc:2    | Offered knowledge of Spellforged Servitor by Vehumet.
 20832 | Orc:2    | Killed an orc warlord
 21343 | Orc:2    | Found Watye's Antique Armour Emporium.
 21354 | Orc:2    | Found Yrrerusa's Antique Weapon Shoppe.
 21355 | Orc:2    | Found Otetrec's General Store.
 21355 | Orc:2    | Found Nomasy's Book Emporium.
 21359 | Orc:2    | Bought a potion of berserk rage for 85 gold pieces
 21360 | Orc:2    | Bought a book of Minor Magic for 200 gold pieces
 21363 | Orc:2    | Learned a level 2 spell: Blink
 21372 | Orc:2    | Bought a glowing naga barding for 884 gold pieces
 21372 | Orc:2    | Bought a ripped robe for 193 gold pieces
 21372 | Orc:2    | Bought a glowing scarf for 272 gold pieces
 21647 | D:10     | Identified the +1 robe "Noydghoq" {*Slow rElec MR+} (You
                  | bought it in a shop on level 2 of the Orcish Mines)
 21900 | Orc:2    | Identified the +7 short sword of the Mosquito {freeze,
                  | rElec} (You found it on level 9 of the Dungeon)
 22441 | Lair:5   | Got a colourful robe
 22457 | Lair:5   | Identified the +1 robe "Idigaom" {Int+6 Dex-5 Stlth+} (You
                  | found it on level 5 of the Lair of Beasts)
 22823 | Lair:6   | Entered Level 6 of the Lair of Beasts
 22832 | Lair:6   | Reached skill level 5 in Shields
 23289 | Lair:6   | Reached ****** piety under Vehumet
 23364 | Lair:6   | Found a viscous altar of Jiyva.
 23366 | Lair:6   | Found a staircase to the Slime Pits.
 23490 | Lair:6   | Offered knowledge of Freezing Cloud by Vehumet.
 24016 | Lair:6   | Reached XP level 15. HP: 98/129 MP: 28/28
 24902 | Lair:6   | Learned a level 6 spell: Freezing Cloud
 25511 | D:13     | Reached skill level 1 in Ice Magic
 25549 | D:13     | Noticed Jorgrun
 25555 | D:13     | Killed Jorgrun
 25852 | D:13     | Found a gate to the Vaults.
 25911 | D:13     | Offered knowledge of Starburst by Vehumet.
 26389 | D:13     | Found a runed translucent door.
 26391 | D:13     | Noticed Xaez's ghost (journeyman HOFi)
 26693 | D:14     | Reached skill level 10 in Spellcasting
 27079 | D:14     | You fall into a shaft and drop 1 floor!
 27079 | D:15     | Entered Level 15 of the Dungeon
 27418 | D:15     | Reached XP level 16. HP: 122/139 MP: 31/31
 27470 | D:14     | Offered knowledge of Ozocubu's Refrigeration by Vehumet.
 27535 | D:14     | Found Tesium's Food Boutique.
 27684 | D:14     | Reached skill level 5 in Ice Magic
 28300 | D:15     | Found a staircase to the Depths.
 28791 | D:15     | Identified the +2 pair of boots "Xuenyx" {MR+ Int+7} (You
                  | found it on level 15 of the Dungeon)
 29324 | Elf:1    | Entered Level 1 of the Elven Halls
 29333 | Elf:1    | Engulfed by a cloud of freezing vapour

Levels and vault maps discovered:
D:1:      psy_arrival_basics, layout_rooms, st_stairs_1,
          minmay_misc_feat_diagonals, supply_closet_lemuel
D:2:      layout_basic, grunt_temple_overflow_forces_of_nature,
          fedhas_ov_isle_minmay, uniq_terence, uniq_jessica
D:3:      layout_basic, overflow_temple_1_default, grunt_temple_overflow_open,
          first_ration, kennysheep_generic_room_15, uniq_ijyb
D:4:      layout_rooms
D:5:      lemuel_castle_with_subvaults [lemuel_castle_interior_carwin_1],
          layout_layer_cave, nicolae_overflow_crystal_walls, serial_shops, shop
D:6:      minmay_bubble_buster, layout_loops_corners, kennysheep_little_box
D:7:      layout_cave_pools, minmay_temple_entry_glass, minmay_manual_mess
D:8:      layout_loops_ring, bloody_trog, nemelex_xobeh_ov_fountains_minmay,
          hangedman_little_slice_of_home, uniq_maggie, uniq_grum
D:9:      gammafunk_steamed_eel, layout_long_grid, old_standard_altar,
          basic_altar, st_stairs_2, minmay_nine_imps
D:10:     layout_irregular_city, david_lair_shrubbed, uniq_josephine,
          uniq_erica, uniq_urug
D:11:     layout_loops_ring, chequers_serial_rivers_small_a
D:12:     layout_irregular_city, orc_0_dummy, minmay_misc_feat_more_columns
D:13:     layout_basic, ximxim_vaults_locker_room,
          hellmonk_ghost_happy_afterlife, minmay_beelzebubs_servants,
          uniq_jorgrun
D:14:     layout_irregular_city, serial_shops, shop, minmay_misc_feat_five
D:15:     grunt_enter_depths_snipers, layout_gridville, serial_glass,
          glass_columns_b, glass_columns_a
Temple:   kb_temple_of_zot
Lair:1:   layout_misc_corridors, grunt_megastairs_1, minmay_lair_oklob_chamber
Lair:2:   layout_chaotic_city, palyth_hydra_swamp_entry,
          nicolae_volcano_entry_vermiform, serial_bayou_pond_d
Lair:3:   layout_gridlike, guppyfry_snake_entry_garden,
          maelrawn_ghost_gauntlet_escape, infiniplex_staircase_pool,
          serial_bayou_shore_b, uniq_fannar
Lair:4:   layout_roguey
Lair:5:   layout_big_grid, serial_bayou_lagoon_b
Lair:6:   minmay_lair_end_enchanted_forest, layout_hall_layers, slime_altar_1,
          minmay_shattered_shrine
Orc:1:    layout_caves, serial_shops, nicolae_shop_stone, basic_altar,
          uniq_erolcha
Orc:2:    st_orc_congregation, layout_caves, basic_altar,
          ebering_ghost_rock_garden
Elf:1:    minmay_elf_arrival_circle, layout_geoelf_grid, serial_shops,
          nicolae_shop_waterfront, minivault_28, minivault_16

Skill      XL: |  1  2  3  4  5  6  7  8  9 10 11 12 13 14 15 16 |
---------------+-------------------------------------------------+-----
Transmutations | 2 3 4 |  4.0
Spellcasting   | 3 4 6 7 8 9 11 12 | 12.0
Fire Magic     | 1 2 3 4 |  4.0
Air Magic      | 1 2 6 8 |  8.0
Poison Magic   | 5 6 8 12 | 12.0
Stealth        | 6 |  6.1
Polearms       | 4 6 |  6.0
Shields        | 2 3 7 9 |  9.0
Conjurations   | 3 4 6 9 10 11 12 | 12.0
Fighting       | 5 6 7 8 |  8.6
Dodging        | 5 6 7 |  7.6
Evocations     | 7 |  7.0
Ice Magic      | 4 6 |  6.1

Action                   |  1- 3 |  4- 6 |  7- 9 | 10-12 | 13-15 | 16-18 || total
-------------------------+-------+-------+-------+-------+-------+-------++-------
Melee: Unarmed           |     7 |       |       |       |       |       ||     7
       Spear             |     8 |     9 |    11 |     4 |       |       ||    32
       Quarterstaff      |       |    22 |     1 |       |       |       ||    23
       Trident           |       |       |   236 |   328 |   940 |   176 ||  1680
       Constrict         |       |       |       |       |   136 |    21 ||   157
 Fire: Hunting sling     |    26 |    74 |       |       |       |       ||   100
Throw: Stone             |    10 |     4 |       |       |       |       ||    14
       Dart              |       |    10 |    28 |       |       |       ||    38
       Javelin           |       |       |     6 |    26 |    18 |     1 ||    51
 Cast: Sting             |    29 |    60 |     3 |     4 |     3 |       ||    99
       Ignite Poison     |     1 |    14 |    29 |    58 |    73 |    14 ||   189
       Poisonous Vapours |       |    11 |    56 |    52 |   117 |     3 ||   239
       Mephitic Cloud    |       |     1 |     8 |    27 |     8 |       ||    44
       Olgreb's Toxic Ra |       |       |     8 |    28 |    67 |    13 ||   116
       Static Discharge  |       |       |     8 |    28 |    38 |       ||    74
       Shock             |       |       |     6 |       |       |       ||     6
       Orb of Destructio |       |       |       |       |     9 |     8 ||    17
       Freezing Cloud    |       |       |       |       |    15 |    10 ||    25
       Blink             |       |       |       |       |     3 |     4 ||     7
 Abil: Spit Poison       |    11 |    11 |    12 |     3 |     3 |     1 ||    41
Evoke: Wand              |       |     1 |     1 |     3 |    13 |       ||    18
  Use: Scroll            |       |     3 |    11 |    13 |    18 |     2 ||    47
       Potion            |       |       |       |     4 |     2 |       ||     6
 Stab: Sleeping          |       |     1 |     6 |     5 |     8 |     4 ||    24
       Confused          |       |       |       |     2 |       |       ||     2
       Paralysed         |       |       |       |    16 |       |       ||    16
       Invisible         |       |       |       |     1 |       |       ||     1
       Distracted        |       |       |       |       |     5 |       ||     5
  Eat: Chunk             |     1 |     2 |     8 |     9 |    14 |     5 ||    39
       Ration            |       |     3 |     2 |     4 |    10 |     2 ||    21
Armor: Robe              |     2 |    22 |    61 |   103 |   359 |    47 ||   594
Dodge: Dodged            |    15 |    56 |   115 |   183 |   448 |    61 ||   878
       Deflected         |       |       |       |       |     5 |     7 ||    12
Block: Buckler           |       |       |    23 |    68 |    89 |       ||   180
       Kite shield       |       |       |       |       |   263 |    72 ||   335

Table legend:
 A = Non-vault XP
 B = Vault XP
 C = Vault XP percentage of total XP
 D = Non-vault monster count
 E = Vault monster count
 F = Vault count percentage of total count
                 A         B        C        D         E       F
            +---------+---------+-------+---------+---------+-------
      Total |   98965 |   57659 |  36.8 |     567 |     281 |  33.1
            +---------+---------+-------+---------+---------+-------
        D:1 |      42 |       2 |   4.5 |      18 |       2 |  10.0
        D:2 |      74 |      73 |  49.7 |      26 |       2 |   7.1
        D:3 |      92 |      36 |  28.1 |      16 |       1 |   5.9
        D:4 |     249 |       0 |   0.0 |      14 |       0 |   0.0
        D:5 |     605 |     812 |  57.3 |      17 |      53 |  75.7
        D:6 |     577 |     779 |  57.4 |      16 |      12 |  42.9
        D:7 |     904 |     358 |  28.4 |      19 |       5 |  20.8
        D:8 |    1445 |    1124 |  43.8 |      19 |      14 |  42.4
        D:9 |    1865 |     153 |   7.6 |      25 |       5 |  16.7
       D:10 |    1005 |    3193 |  76.1 |      20 |       7 |  25.9
       D:11 |    3143 |       0 |   0.0 |      39 |       0 |   0.0
       D:12 |    7945 |       0 |   0.0 |      33 |       0 |   0.0
       D:13 |    5870 |   11655 |  66.5 |      32 |      19 |  37.3
       D:14 |   17428 |       0 |   0.0 |      47 |       0 |   0.0
       D:15 |   16577 |    3028 |  15.4 |      56 |       3 |   5.1
     Lair:1 |    5992 |     842 |  12.3 |      21 |       6 |  22.2
     Lair:2 |    6039 |    3486 |  36.6 |      24 |       7 |  22.6
     Lair:3 |    4210 |    1384 |  24.7 |      20 |       3 |  13.0
     Lair:4 |    2185 |       0 |   0.0 |       4 |       0 |   0.0
     Lair:5 |    2405 |       0 |   0.0 |      13 |       0 |   0.0
     Lair:6 |   12336 |   13305 |  51.9 |      31 |      54 |  63.5
      Orc:1 |    2304 |    1042 |  31.1 |      26 |       1 |   3.7
      Orc:2 |    3686 |   11430 |  75.6 |      27 |      77 |  74.0
      Elf:1 |    1987 |    2242 |  53.0 |       4 |       4 |  50.0
    Volcano |       0 |    2715 | 100.0 |       0 |       6 | 100.0
            +---------+---------+-------+---------+---------+-------
